cohdb
Replays
Latest Replays
All Replays
Popular Replays
Top Player Replays
Match Explorer
How It Works
Community
CoH3 Stats
Reddit
Sign in to upload your games and track your stats! →
Sign in with Steam
Match 45672402
Unlisted
Match 45672402
Overview
Messages
Build Orders
End
Kradschützen Motorcycle Team
Panzergrenadier Squad
Panzergrenadier Squad
Construct Light Support Kompanie
MG34 Team
2.5-tonne Medical Truck
Panzergrenadier Squad
Selects Battlefield Espionage Battlegroup
Selects Sector Subterfuge Beacon
Selects 250/3 Funkpanzerwagen
Construct Mechanized Kompanie
Selects Plunder
MG34 Team
Panzergrenadier Squad
Selects Firestorm
8 Rad Armored Car
JeanLeJean
Cun Cunnel
Lord Parmigiano
Don Pitudo
markaren
Ghost
0
0
Comments
sign in to comment!
No comments posted yet!